 Dungeon Crawl Stone Soup version 0.15-a0-288-gf1bfef0 (webtiles) character file.

795064 4tharraofdagon the Archmage (level 26, -7/169 (172) HPs)
             Began as a Deep Elf Fire Elementalist on Apr 27, 2014.
             Was the Champion of Vehumet.
             Killed by divine providence
             ... invoked by a mummy priest
              (14 damage)
             ... on Level 1 of the Tomb of the Ancients on Apr 29, 2014.
             The game lasted 07:35:19 (25365 turns).

4tharraofdagon the Archmage (DEFE)                 Turns: 25365, Time: 07:35:19

HP  -7/169 (172) AC 18     Str 15      XL: 26   Next: 99%
MP  28/50        EV 22     Int 41 (43) God: Vehumet [******]
Gold 586         SH 26     Dex 15      Spells: 15 memorised, 17 levels left

rFire  . . .     SeeInvis +     Q - staff of energy
rCold  . . .     Clarity  .     S - +2 troll leather armour
rNeg   . . .     Conserve .     Z - +3 shield of Besh {Str+1 Int+5}
rPois  .         rCorr    .     I - +1 helmet "Xohaagoi" {rElec Acc+5}
rElec  +         rRot     .     P - +3 cloak of Plaottil {Str+3 Int+2}
SustAb . .       Spirit   .     l - +2 pair of gloves {Str+3} (curse)
rMut   .         Warding  .     H - +1 pair of boots {Fly}
Gourm  +         Rnd*Tele +     M - amulet of the gourmand
MR     ++...                    E - ring "Ghuanig" {EV+2 Str+3 Int+3}
                                h - ring of teleportation

@: repel missiles, regenerating, about to teleport, delayed fireball, drained,
very resistant to hostile enchantments, very stealthy
A: hooves 1, molten scales 1, see invisible, screaming 1
a: Renounce Religion, Release Delayed Fireball, Evoke Flight, Evoke
Teleportation
}: 10/15 runes: barnacled, slimy, silver, abyssal, demonic, glowing, magical,
fiery, dark, gossamer


You were on level 1 of the Tomb of the Ancients.
You worshipped Vehumet.
Vehumet was exalted by your worship.
You were not hungry.

You visited 11 branches of the dungeon, and saw 58 of its levels.
You visited Pandemonium 2 times, and saw 35 of its levels.
You visited the Abyss 1 time.
You also visited: Ossuary and Wizlab.

You collected 3354 gold pieces.
You spent 2768 gold pieces at shops.

Inventory:

Hand weapons
 V - the +3,-2 morningstar of the Three Seas {flame, rC+ Int+4}
   (You found it on level 5 of the Shoals)

   It emits flame when wielded, causing extra injury to most foes and up to
   double damage against particularly susceptible opponents.
   It affects your intelligence (+4).
   It protects you from cold.
Armour
 l - a cursed +2 pair of gloves of strength (worn)
 H - a +1 pair of boots of flying (worn)
 I - the +1 helmet "Xohaagoi" (worn) {rElec Acc+5}
   (You bought it in a shop on level 4 of the Orcish Mines)

   It affects your accuracy with ranged weapons and melee attacks (+5).
   It insulates you from electricity.
 P - the +3 cloak of Plaottil (worn) {Str+3 Int+2}
   (You found it on level 2 of the Depths)

   It affects your strength (+3).
   It affects your intelligence (+2).
 S - a +2 troll leather armour (worn)
 Z - the +3 shield of Besh (worn) {Str+1 Int+5}
   (You took it off a deep elf annihilator on level 3 of the Elven Halls)

   It affects your strength (+1).
   It affects your intelligence (+5).
Magical devices
 b - a wand of teleportation (5)
 r - a wand of heal wounds (9)
 x - a wand of hasting (5)
 D - a wand of hasting (9)
 T - a wand of disintegration (16)
 Y - a wand of teleportation (5)
Comestibles
 j - 4 meat rations
 X - 2 pieces of ambrosia
Scrolls
 d - 2 scrolls of identify
 f - a scroll of teleportation
 m - 9 scrolls of remove curse
 q - 2 scrolls of fog
 y - 3 scrolls of blinking
 G - 4 scrolls of vulnerability
 R - a scroll of amnesia
 U - 2 scrolls of summoning
Jewellery
 a - an uncursed amulet of conservation
 c - an uncursed ring of positive energy
 h - a ring of teleportation (left hand)
 t - an uncursed ring of sustain abilities
 u - an uncursed ring of flight
 w - the ring "Kunta" {rN+ Str-2 Int+3}
   (You took it off a yaktaur captain on level 5 of the Vaults)

   [ring of positive energy]

   It affects your strength (-2).
   It affects your intelligence (+3).
   It protects you from negative energy.
 E - the ring "Ghuanig" (right hand) {EV+2 Str+3 Int+3}
   (You found it on level 3 of the Lair of Beasts)

   [ring of evasion]

   It affects your evasion (+2).
   It affects your strength (+3).
   It affects your intelligence (+3).
 F - the ring of the Seeker {Fire Dex+3 Int+4}
   (You bought it in a shop on level 1 of the Orcish Mines)

   [ring of fire]

   It enhances your fire magic, and weakens your ice magic.
   It affects your intelligence (+4).
   It affects your dexterity (+3).
   It protects you from fire.
   It makes you vulnerable to cold.
 L - an uncursed ring of protection from cold
 M - an amulet of the gourmand (around neck)
 N - an uncursed amulet of clarity
Potions
 n - 8 potions of curing
 o - 7 potions of brilliance
 p - a potion of porridge
 s - 2 potions of agility
 v - 8 potions of heal wounds
 z - a potion of cure mutation
 C - 6 potions of restore abilities
 O - 2 potions of resistance
 W - a potion of lignification
Magical staves
 i - an uncursed staff of fire
 Q - an uncursed staff of energy (weapon)
Miscellaneous
 g - a fan of gales
 k - a fan of gales
 A - a crystal ball of energy
 K - a lamp of fire


   Skills:
 - Level 19.1(17.9) Fighting
 - Level 16.0(14.9) Dodging
 * Level 11.5(10.5) Stealth
 - Level 10.1(9.1) Shields
 O Level 27(25.6) Spellcasting
 - Level 19.6(18.4) Conjurations
 - Level 12.0(11.0) Translocations
 - Level 19.0(17.8) Fire Magic
 - Level 20.1(18.9) Evocations


You had 17 spell levels left.
You knew the following spells:

 Your Spells              Type           Power        Failure   Level  Hunger
a - Orb of Destruction    Conj           ########..   1%          7    None
b - Cure Poison           Pois           ######....   1%          2    None
c - Sticky Flame          Conj/Fire      ########     0%          4    None
d - Fireball              Conj/Fire      ########..   0%          5    None
e - Delayed Fireball      Conj/Fire      N/A          1%          7    None
f - Bolt of Fire          Conj/Fire      ########..   1%          6    None
g - Fire Storm            Conj/Fire      ########..   8%          9    None
h - Repel Missiles        Chrm/Air       ######       1%          2    None
i - Regeneration          Chrm/Necr      ######....   1%          3    None
j - Spellforged Servitor  Conj/Summ      #######...   4%          7    None
k - Swiftness             Chrm/Air       ######..     1%          2    None
l - Control Teleport      Chrm/Tloc      #######...   1%          4    None
m - Apportation           Tloc           #######...   0%          1    None
n - Controlled Blink      Tloc           N/A          8%          7    None
o - Summon Butterflies    Summ           ######..     1%          1    None


Dungeon Overview and Level Annotations

Branches:
Dungeon (15/15)            Temple (0/1) D:5             Orc (4/4) D:12
    Elf (3/3) Orc:4          Lair (8/8) D:11         Shoals (5/5) Lair:3
 Spider (5/5) Lair:6        Slime (6/6) Lair:7       Vaults (5/5) D:13
  Crypt (3/3) Vaults:2       Tomb (1/3) Crypt:3      Depths (3/5) D:15
  Blade: Vaults:3-4

Altars:
Kikubaaqudgha
Makhleb
Nemelex Xobeh
Sif Muna
Trog
Vehumet
Xom
Yredelemnul
Zin
The Shining One
Beogh
Jiyva

Shops:
D:5 (=   D:12 [   Orc:1 *   Orc:4 (%[?   Shoals:4 (   Vaults:1 ?   Vaults:5 (*

Portals:
Hell: Depths:2 Depths:3
Abyss: Depths:2 Depths:3
Pandemonium: Depths:3

Annotations:
D:7 exclusion: upstairs
D:10 exclusion: upstairs
Lair:3 KRAKEN DEN
Lair:6 SNAKE
Lair:7 exclusion: downstairs
Vaults:2 MEAT!!!!!!!!!
Crypt:1 MEATBOY !!!!!!!!!!!!


Innate Abilities, Weirdness & Mutations

You have large cloven feet.
You are partially covered in molten scales (AC +1).
You have supernaturally acute eyesight.
You occasionally shout uncontrollably.


Message History

The sphinx casts a spell.
Something smites you!
* * * LOW HITPOINT WARNING * * *
A flying skull comes into view.
Unknown command.
Unknown command.
Unknown command.
Drink which item? (? for menu, Esc to quit)
You feel much better. You block the flying skull's attack.
The sphinx mumbles some strange words.
You resist with almost no effort.
The sphinx casts a spell.
You resist with almost no effort. You block the guardian mummy's attack.
The flying skull closely misses you.
The sphinx casts a spell.
Something smites you!
* * * LOW HITPOINT WARNING * * *
The mummy priest mumbles some strange prayers to its god against you.
Something smites you!
You die...

... /.. .........
.........
......................
...z.z.......H?........
.......z................
.....z.⌠.⌠....M.........
.....H.z................
........z................
........@H...............
.......8M.H8.............
.........HH.?............
#####....H..############
#.8.H.8.# #.......#
#.......# +M.. #.8...8.#
..... #.......# .....M
#.......#


You could see 7 sphinxes, a mummy priest, a guardian mummy and 6 flying skulls.

Vanquished Creatures
  the royal jelly (Slime:6)
  Gloorx Vloq (Pan)
  Mnoleg (Pan)
  Lom Lobon (Pan)
  2 ancient liches (Vaults:5)
  Norris (Elf:3)
  Mara (Vaults:2)
  5 golden dragons
  A profane servitor (Crypt:3)
  3 bone dragons
  2 Brimstone Fiends (Pan)
  Arachne (Spider:2)
  5 liches
  6 Ice Fiends (Pan)
  7 tentacled monstrosities
  10 pandemonium lords (Pan)
  12 Shadow Fiends (Pan)
  8 titans
  11 acid blobs
  A deep elf blademaster (Elf:3)
  A deep elf master archer (Elf:3)
  A kraken (Abyss:3)
  7 sphinxes
  Polyphemus (Shoals:4)
  A tentacled starspawn (Abyss:1)
  A quicksilver dragon (Vaults:5)
  An eldritch tentacle (Pan)
  24 Executioners
  Rupert (Lair:4)
  An ancient champion (Pan)
  3 storm dragons (Vaults:5)
  8 tengu reavers
  3 shadow dragons (Vaults:5)
  6 corrupters (Pan)
  9 azure jellies
  9 fire giants
  4 ghouls (Crypt:3)
  16 deep elf sorcerers
  6 frost giants
  An iron dragon (Vaults:5)
  3 emperor scorpions (Spider:5)
  13 cacodemons (Pan)
  3 ghost moths
  13 balrugs (Pan)
  An orc warlord (Vaults:5)
  10 vault wardens
  14 stone giants
  5 deep elf demonologists
  2 draconian annihilators (Pan)
  3 warmongers (Pan)
  2 reapers (Pan)
  2 war gargoyles (Vaults:5)
  4 spriggan defenders
  7 blood saints (Pan)
  12 deep elf annihilators
  4 dire elephants
  10 lorocyprocas (Pan)
  11 purple draconians (WizLab)
  6 chaos champions (Pan)
  3 black suns (Pan)
  13 ettins
  20 blizzard demons (Pan)
  3 eidola (Crypt:3)
  Snorg (D:14)
  An unborn (Crypt:3)
  6 merfolk javelineers (Shoals:5)
  51 large abominations
  4 great orbs of eyes
  13 green deaths (Pan)
  6 deep elf death magi
  A mummy priest (Crypt:3)
  2 fire dragons
  9 death oozes (Slime:6)
  13 ironheart preservers
  27 vault guards
  6 merfolk impalers
  A siren (Shoals:3)
  15 yaktaur captains
  2 jiangshi (Depths:1)
  10 deep elf high priests
  Fannar (Lair:4)
  6 spriggan air magi (Depths:2)
  Harold (D:10)
  8 hydras
  14 ice dragons
  A small abomination (Vaults:5)
  2 ravenous feature mimics
  17 monstrous demonspawn (Pan)
  7 rakshasas
  3 merfolk aquamancers
  9 statues (WizLab)
  4 dancing weapons
  3 death knights
  18 ogre magi
  4 deep troll earth magi
  3 plague shamblers (Crypt:3)
  5 deep troll shamans
  A spriggan enchanter (Depths:2)
  2 orc high priests (Orc:4)
  A vampire mage (Depths:1)
  3 spriggan berserkers (Depths:2)
  A titan zombie (Crypt:3)
  A very ugly thing (Depths:2)
  29 death yaks
  5 soul eaters (Pan)
  An unseen horror (D:15)
  22 sun demons (Pan)
  5 centaur warriors
  7 hell knights (Depths:2)
  2 fire crabs
  10 shadow wraiths
  17 deep elf knights
  14 skeletal warriors
  4 catoblepae
  7 hell beasts
  5 iron trolls
  5 ice devils (Pan)
  15 gelid demonspawn (Pan)
  10 sea snakes
  An orb spider (shapeshifter) (D:15)
  16 orb spiders
  12 wizards
  6 flayed ghosts
  An anaconda zombie (Crypt:3)
  15 deep trolls
  A starcursed mass (Abyss:3)
  2 shadow dragon zombies
  4 water nymphs
  13 ironbrand convokers
  An ice statue (Lair:4)
  2 giant orange brains
  16 infernal demonspawn (Pan)
  14 putrid demonspawn (Pan)
  7 shadow demons (Pan)
  22 torturous demonspawn (Pan)
  5 hellions (Pan)
  A wolf spider zombie (Crypt:3)
  5 deep elf summoners
  3 harpies (Shoals:1)
  A golden dragon skeleton (Crypt:2)
  3 hill giants
  23 wolf spiders
  2 necromancers
  9 deep elf conjurers
  5 orc knights
  A draconian (shapeshifter) (Vaults:5)
  4 orc sorcerers
  12 phantasmal warriors
  A mana viper (shapeshifter) (Elf:2)
  A manticore (shapeshifter) (Depths:2)
  9 griffons
  2 fire giant zombies (Depths:3)
  2 moths of wrath
  A stone giant zombie (Vaults:4)
  4 cyclopes
  5 shining eyes
  A salamander (shapeshifter) (D:15)
  An iron dragon skeleton (Pan)
  6 red wasps
  An octopode (shapeshifter) (Vaults:1)
  5 manticores
  30 sixfirhies
  A dire elephant zombie (Crypt:3)
  7 mermaids
  9 vault sentinels
  A fire giant skeleton (Pan)
  3 elephants (Lair:4)
  3 eyes of devastation
  13 spiny frogs
  4 black mambas
  20 smoke demons (Pan)
  A feature mimic (D:11)
  A queen ant (shapeshifter) (Vaults:5)
  36 orange demons
  2 tormentors (Pan)
  A kobold demonologist (D:15)
  3 guardian mummies
  2 spiny frogs (shapeshifter)
  3 iron devils
  34 yaktaurs
  40 hellwings
  4 fire drakes
  19 demonic crawlers
  An elf (shapeshifter) (Vaults:3)
  16 red devils
  A tengu conjurer (Depths:2)
  3 komodo dragons
  A spectral human (Crypt:3)
  16 merfolk
  10 blue devils
  A polar bear (shapeshifter) (Elf:3)
  A freezing wraith (Crypt:3)
  A troll (D:15)
  13 deep elf priests
  A giant firefly (shapeshifter) (Vaults:4)
  7 polar bears
  A wind drake (Shoals:4)
  A harpy zombie (Crypt:3)
  A boggart (Depths:2)
  35 two-headed ogres
  14 blink frogs
  A fire dragon zombie (Crypt:3)
  A raven (shapeshifter) (Vaults:5)
  4 fire vortices
  24 jumping spiders
  A boulder beetle (Vaults:1)
  3 snapping turtles
  A spectral swamp dragon (Crypt:1)
  41 slime creatures
  A boggart (shapeshifter) (Vaults:5)
  An ettin zombie (Crypt:2)
  8 wraiths
  37 redbacks
  3 trapdoor spiders (shapeshifter)
  A basilisk (shapeshifter) (Elf:3)
  A spriggan (shapeshifter) (Vaults:1)
  15 tarantellas
  3 sharks
  25 trapdoor spiders
  30 deep elf magi
  An ettin skeleton (Pan)
  A fire dragon skeleton (Pan)
  22 brown oozes
  13 water elementals
  3 basilisks
  19 ugly things
  2 shadows
  A black mamba skeleton (Pan)
  A wyvern (Lair:7)
  64 yaks
  4 chaos spawn
  An elephant slug (Lair:6)
  A vampire (Crypt:1)
  19 deep elf fighters
  19 neqoxecs (Pan)
  A hog (shapeshifter) (D:14)
  3 hippogriffs (Lair:8)
  A hungry ghost (Crypt:2)
  A wolf (D:14)
  21 ynoxinuls
  9 golden eyes
  5 wargs
  A mottled dragon (D:13)
  15 vampire mosquitoes
  4 raven skeletons (Crypt:3)
  2 tengu zombies
  A soldier ant (D:14)
  6 porcupines
  7 ice beasts
  A spiny frog zombie (Crypt:3)
  8 necrophages
  23 orc warriors
  11 water moccasins
  28 spiders
  62 ogres
  A phantom (D:13)
  A snapping turtle zombie (Crypt:3)
  A griffon simulacrum (D:14)
  8 centaurs
  A sky beast (D:8)
  A manticore zombie (D:9)
  16 crocodiles
  A tengu (Lair:2)
  5 boring beetles
  3 lost souls (Crypt:3)
  10 giant frogs
  8 giant slugs
  A big kobold (D:10)
  5 brain worms (Pan)
  3 elf zombies
  A yaktaur zombie (Vaults:5)
  A yaktaur skeleton (D:15)
  A snapping turtle simulacrum (Crypt:2)
  3 scorpions
  A wyvern skeleton (Crypt:2)
  18 killer bees
  An orc simulacrum (Vaults:2)
  6 eyes of draining
  2 wights (D:15)
  3 centaur zombies
  4 crimson imps
  7 hounds
  A basilisk zombie (D:14)
  2 big fish
  8 electric eels
  13 jellies
  12 human zombies
  20 orc wizards
  A black bear zombie (D:6)
  3 goliath beetles (Spider:3)
  A quasit (D:15)
  An iron imp (Pan)
  13 orc priests
  A black bear skeleton (D:9)
  7 worker ants
  6 iguanas
  A killer bee zombie (D:8)
  8 sheep
  Jessica (D:3)
  2 mottled dragon zombies (Crypt:2)
  An ogre zombie (Vaults:4)
  8 mummies
  54 green rats
  An orc skeleton (D:8)
  10 adders
  5 shadow imps
  2 giant mites
  8 white imps
  A goliath beetle zombie (D:6)
  7 worms
  9 ufetubi
  An adder zombie (Ossuary)
  9 giant eyeballs
  4 giant geckos
  4 oozes
  110 orcs
  10 bats
  2 giant cockroaches
  9 goblins
  8 hobgoblins
  12 jackals
  13 quokkas
  A ball python (D:4)
  A giant newt (D:3)
  A giant spore (D:10)
  5 hobgoblin zombies (Ossuary)
  A jackal zombie (Ossuary)
  7 kobolds
  15 kobold zombies (Ossuary)
  9 orc zombies (Ossuary)
  10 rats
  2 ballistomycetes (D:10)
  A bush (Lair:8)
  A butterfly (Depths:2)
  4 crawling corpses
  2 fungi (Lair:5)
  13 plants
  A starspawn tentacle segment (Abyss:1)
  2 tentacles (Abyss:3)
2556 creatures vanquished.

Vanquished Creatures (collateral kills)
  A tentacled monstrosity (Depths:2)
  A Shadow Fiend (Pan)
  A deep elf sorcerer (Pan)
  3 vault wardens
  2 emperor scorpions (Depths:2)
  A cacodemon (Pan)
  A blood saint (Pan)
  4 stone giants
  2 lorocyprocas (Pan)
  A purple draconian (WizLab)
  A blizzard demon (Pan)
  A vault guard (Vaults:5)
  An ironheart preserver (Vaults:1)
  A great orb of eyes (Vaults:5)
  2 yaktaur captains
  A hydra (D:9)
  3 monstrous demonspawn (Pan)
  A death yak (Depths:3)
  2 skeletal warriors (Crypt:3)
  3 large abominations
  An iron troll (Vaults:3)
  A putrid demonspawn (Pan)
  A gelid demonspawn (Pan)
  A shining eye (Slime:5)
  A frost giant zombie (Depths:3)
  A phantasmal warrior (Crypt:3)
  An ironbrand convoker (Vaults:3)
  A demonic crawler (Pan)
  2 orange demons (Pan)
  A hellwing (Pan)
  3 human zombies
  An ettin zombie (Vaults:4)
  2 boulder beetles
  2 slime creatures
  A redback (Spider:3)
  A trapdoor spider (Spider:5)
  A vampire mosquito (D:15)
  3 neqoxecs (Pan)
  A ynoxinul (Pan)
  5 golden eyes
  A warg (shapeshifter) (Depths:2)
  A deep elf mage (WizLab)
  2 ogres
  A scorpion (Spider:3)
  2 wights (D:15)
  An orc priest (Vaults:5)
  A worker ant (D:13)
  An ufetubus (Pan)
  2 giant eyeballs (Pan)
  An ooze (Slime:1)
  2 orcs
  A hobgoblin skeleton (Crypt:2)
  2 butterflies (Depths:2)
  4 crawling corpses
86 creatures vanquished.

Vanquished Creatures (others)
  2 ball lightnings (Pan)
  740 fire vortices
  A trapdoor spider (Spider:5)
  A deep elf mage (WizLab)
  2 air elementals
  A lost soul (Depths:3)
  An orc (Orc:2)
  86 eldritch tentacle segments (Pan)
  4 fungi
  24 plants
  2 starspawn tentacles (Abyss:1)
  3 starspawn tentacle segments (Abyss:1)
  2 tentacles (Abyss:3)
  13 tentacle segments (Abyss:3)
882 creatures vanquished.

Grand Total: 3524 creatures vanquished

Notes
Turn   | Place    | Note
--------------------------------------------------------------
     0 | D:1      | 4tharraofdagon, the Deep Elf Fire Elementalist, began the quest for the Orb.
     0 | D:1      | Reached XP level 1. HP: 10/10 MP: 5/5
    23 | D:2      | Found a radiant altar of Vehumet.
    33 | D:2      | waves
    33 | D:2      | Became a worshipper of Vehumet
   136 | D:2      | Reached XP level 2. HP: 12/15 MP: 0/8
   351 | D:2      | Reached XP level 3. HP: 13/19 MP: 4/11
   356 | D:2      | Learned a level 3 spell: Conjure Flame
   456 | D:3      | Noticed Jessica
   461 | D:3      | Killed Jessica
   461 | D:3      | Acquired Vehumet's first power
   461 | D:3      | Offered knowledge of Magic Dart by Vehumet.
   461 | D:3      | Reached skill level 4 in Spellcasting
   462 | D:3      | #1
   576 | D:4      | Found a sparkling altar of Nemelex Xobeh.
   697 | D:5      | Entered Level 5 of the Dungeon
   710 | D:5      | Found a shimmering altar of Xom.
   792 | D:5      | Found Ifiux's Weapon Emporium.
   796 | D:5      | Found Umod's Jewellery Boutique.
   808 | D:5      | Reached XP level 4. HP: 21/24 MP: 6/15
   814 | D:5      | Learned a level 4 spell: Sticky Flame
   865 | D:5      | Found a staircase to the Ecumenical Temple.
  1022 | D:5      | Reached skill level 5 in Spellcasting
  1022 | D:5      | Reached XP level 5. HP: 14/28 MP: 0/19
  1105 | D:6      | Learned a level 5 spell: Fireball
  1298 | D:6      | Noticed an orc warrior
  1385 | D:7      | Noticed a water moccasin
  1393 | D:7      | Killed a water moccasin
  1393 | D:7      | Reached skill level 6 in Spellcasting
  1393 | D:7      | Reached skill level 5 in Fire Magic
  1393 | D:7      | Reached XP level 6. HP: 16/32 MP: 16/22
  1412 | D:7      | Paralysed by a potion of paralysis for 6 turns
  1546 | D:7      | Offered knowledge of Sting by Vehumet.
  1612 | D:7      | Found a sand-covered staircase.
  1619 | Ossuary  | Entered an ossuary
  1763 | Ossuary  | Offered knowledge of Dazzling Spray by Vehumet.
  1765 | Ossuary  | Reached skill level 7 in Spellcasting
  1771 | Ossuary  | Reached XP level 7. HP: 27/36 MP: 14/25
  1791 | Ossuary  | Acquired Vehumet's second power
  1884 | Ossuary  | Reached skill level 8 in Spellcasting
  1948 | D:7      | Learned a level 7 spell: Delayed Fireball
  1955 | D:7      | Learned a level 6 spell: Bolt of Fire
  2051 | D:7      | Noticed an ogre
  2051 | D:7      | Killed an ogre
  2098 | D:7      | Reached skill level 5 in Conjurations
  2223 | D:8      | Reached XP level 8. HP: 37/41 MP: 16/28
  2226 | D:8      | Reached skill level 9 in Spellcasting
  2287 | D:8      | Offered knowledge of Fulminant Prism by Vehumet.
  2517 | D:5      | Bought an uncursed amulet of the gourmand for 360 gold pieces
  2530 | D:5      | Upgraded the game from 0.15-a0-258-g027b8cd to 0.15-a0-271-g6095dc6
  2564 | D:6      | Killed an orc warrior
  2629 | D:9      | Noticed a four-headed hydra
  2729 | D:9      | Found a basalt altar of Yredelemnul.
  2741 | D:10     | Entered Level 10 of the Dungeon
  2756 | D:10     | Noticed Harold
  2777 | D:10     | Killed Harold
  2777 | D:10     | Reached skill level 11 in Spellcasting
  2777 | D:10     | Reached XP level 9. HP: 43/45 MP: 1/31
  2848 | D:10     | Noticed a hill giant
  2854 | D:10     | Killed a hill giant
  2959 | D:10     | Found a bloodstained altar of Trog.
  3020 | D:10     | Acquired Vehumet's third power
  3052 | D:9      | Found an ancient bone altar of Kikubaaqudgha.
  3068 | D:10     | Noticed a gargoyle
  3119 | D:10     | Reached skill level 12 in Spellcasting
  3148 | D:11     | Noticed a cyclops
  3204 | D:11     | Reached XP level 10. HP: 12/48 MP: 2/33
  3204 | D:11     | Offered knowledge of Iskenderun's Battlesphere by Vehumet.
  3212 | D:11     | Learned a level 5 spell: Iskenderun's Battlesphere
  3328 | D:11     | Reached skill level 13 in Spellcasting
  3386 | D:11     | Noticed a four-headed hydra
  3390 | D:11     | Killed a four-headed hydra
  3607 | D:11     | Found a staircase to the Lair.
  3616 | Lair:1   | Entered Level 1 of the Lair of Beasts
  3701 | Lair:2   | Reached skill level 14 in Spellcasting
  3923 | Lair:3   | Offered knowledge of Bolt of Magma by Vehumet.
  3928 | Lair:3   | Got a fine brass ring
  3929 | Lair:3   | Identified the ring "Ghuanig" {EV+2 Str+3 Int+3} (You found it on level 3 of the Lair of Beasts)
  4057 | Lair:3   | Learned a level 2 spell: Repel Missiles
  4061 | Lair:3   | Learned a level 3 spell: Regeneration
  4159 | Lair:4   | Reached skill level 15 in Spellcasting
  4159 | Lair:4   | Reached skill level 10 in Fire Magic
  4159 | Lair:4   | Reached XP level 11. HP: 47/52 MP: 24/36
  4228 | Lair:4   | Noticed a death yak
  4229 | Lair:4   | Noticed a death yak
  4233 | Lair:4   | Noticed a death yak
  4233 | Lair:4   | Killed a death yak
  4234 | Lair:4   | Killed a death yak
  4237 | Lair:4   | Noticed a black mamba
  4238 | Lair:4   | Killed a black mamba
  4238 | Lair:4   | Killed a death yak
  4238 | Lair:4   | Reached skill level 10 in Conjurations
  4374 | Lair:4   | Noticed Rupert
  4382 | Lair:4   | Noticed a five-headed hydra
  4468 | Lair:4   | Killed a five-headed hydra
  4501 | Lair:4   | Reached skill level 16 in Spellcasting
  4909 | Lair:4   | Killed Rupert
  4909 | Lair:4   | Reached skill level 17 in Spellcasting
  4909 | Lair:4   | Reached XP level 12. HP: 57/57 MP: 16/38
  5084 | Lair:4   | Noticed an ice statue
  5087 | Lair:4   | Killed an ice statue
  5169 | Lair:4   | Got an ivory hand axe
  5170 | Lair:4   | Identified the +9,+12 hand axe of the Ten Souls {holy, rN+ Stlth+} (You found it on level 4 of the Lair of Beasts)
  5185 | Lair:4   | Noticed an ice dragon
  5193 | Lair:4   | Killed an ice dragon
  5263 | Lair:4   | Noticed Fannar
  5409 | Lair:5   | Noticed an eight-headed hydra
  5414 | Lair:5   | Killed an eight-headed hydra
  5448 | Lair:5   | Reached skill level 18 in Spellcasting
  5535 | Lair:5   | Gained mutation: You have supernaturally acute eyesight. [potion of mutation]
  5535 | Lair:5   | Gained mutation: You have large cloven feet. [potion of mutation]
  5535 | Lair:5   | Gained mutation: You are partially covered in molten scales (AC +1). [potion of mutation]
  5547 | Lair:6   | Offered knowledge of Airstrike by Vehumet.
  5673 | Lair:6   | Found a hole to the Spider Nest.
  5951 | Lair:7   | Found a staircase to the Slime Pits.
  5952 | Lair:7   | Found a viscous altar of Jiyva.
  6083 | Lair:8   | Entered Level 8 of the Lair of Beasts
  6278 | Lair:8   | Noticed a four-headed hydra
  6293 | Lair:7   | Reached XP level 13. HP: 55/61 MP: 16/39
  6526 | Lair:8   | Reached skill level 19 in Spellcasting
  7077 | Lair:8   | Noticed an eight-headed hydra
  7303 | Lair:8   | Killed an eight-headed hydra
  7303 | Lair:8   | Offered knowledge of Bolt of Draining by Vehumet.
  7309 | Lair:8   | Killed a four-headed hydra
  7436 | Lair:8   | Reached skill level 20 in Spellcasting
  7821 | Lair:6   | Noticed a six-headed hydra
  7836 | Lair:6   | Killed a six-headed hydra
  7960 | Lair:3   | Found a staircase to the Shoals.
  7969 | Shoals:1 | Entered Level 1 of the Shoals
  7986 | Lair:3   | Reached XP level 14. HP: 17/66 MP: 6/41
  8174 | Lair:1   | Noticed a black mamba
  8180 | Lair:1   | Killed a black mamba
  8303 | D:11     | Killed a cyclops
  8396 | D:12     | Found a staircase to the Orcish Mines.
  8400 | D:12     | Offered knowledge of Poisonous Cloud by Vehumet.
  8406 | D:12     | Found Psuitt's Armour Emporium.
  8424 | D:12     | Identified the Almanac of Creative Confrontation (You found it on level 12 of the Dungeon)
  8436 | D:12     | Learned a level 7 spell: Spellforged Servitor
  8478 | Orc:1    | Entered Level 1 of the Orcish Mines
  8508 | Orc:1    | Found Nias' Assorted Antiques.
  8513 | Orc:1    | Bought a twitching steel ring for 175 gold pieces
  8529 | Orc:1    | Identified the ring of the Seeker {Fire Dex+3 Int+4} (You bought it in a shop on level 1 of the Orcish Mines)
  8709 | Orc:1    | Learned a level 6 spell: Poisonous Cloud
  8764 | Orc:2    | Found a burning altar of Makhleb.
  9035 | Orc:4    | Entered Level 4 of the Orcish Mines
  9053 | Orc:4    | Found a staircase to the Elven Halls.
  9057 | Orc:4    | Offered knowledge of Conjure Ball Lightning by Vehumet.
  9298 | Orc:4    | Found a roughly hewn altar of Beogh.
  9598 | Orc:4    | Found Onar's Antique Armour Shoppe.
  9598 | Orc:4    | Found Khuhiri's Weapon Shop.
  9598 | Orc:4    | Found Qautunubi's Magic Scroll Boutique.
  9598 | Orc:4    | Found Ashraqaj's Food Shoppe.
  9661 | Orc:4    | Bought a pair of runed gloves for 135 gold pieces
  9661 | Orc:4    | Bought a blackened helmet for 285 gold pieces
  9668 | Orc:4    | Identified the +1 helmet "Xohaagoi" {rElec Acc+5} (You bought it in a shop on level 4 of the Orcish Mines)
  9669 | Orc:4    | Bought a scroll of acquirement for 780 gold pieces
  9669 | Orc:4    | Bought a scroll of magic mapping for 52 gold pieces
  9669 | Orc:4    | Bought 3 scrolls of teleportation for 135 gold pieces
  9669 | Orc:4    | Bought a scroll of identify for 30 gold pieces
  9669 | Orc:4    | Bought a scroll of identify for 30 gold pieces
  9777 | Elf:1    | Entered Level 1 of the Elven Halls
  9905 | Elf:3    | Entered Level 3 of the Elven Halls
 10027 | Elf:3    | Reached skill level 21 in Spellcasting
 10029 | Elf:3    | Noticed a deep elf sorcerer
 10032 | Elf:3    | Killed a deep elf sorcerer
 10067 | Elf:3    | Noticed a deep elf sorcerer
 10068 | Elf:3    | Killed a deep elf sorcerer
 10068 | Elf:3    | Reached skill level 15 in Fire Magic
 10070 | Elf:3    | Noticed a deep elf sorcerer
 10071 | Elf:3    | Killed a deep elf sorcerer
 10208 | Elf:3    | Noticed a deep elf sorcerer
 10208 | Elf:3    | Killed a deep elf sorcerer
 10229 | Elf:3    | Reached skill level 15 in Conjurations
 10328 | Elf:3    | Reached XP level 15. HP: 65/70 MP: 25/42
 10338 | Elf:3    | Noticed a deep elf sorcerer
 10340 | Elf:3    | Killed a deep elf sorcerer
 10348 | Elf:3    | Noticed a deep elf master archer
 10355 | Elf:3    | Killed a deep elf master archer
 10533 | Elf:3    | Noticed a deep elf blademaster
 10801 | Elf:3    | Noticed a deep elf sorcerer
 10801 | Elf:3    | Killed a deep elf sorcerer
 10806 | Elf:3    | Got a smoking cutlass
 10816 | Elf:3    | Noticed a deep elf sorcerer
 10817 | Elf:3    | Killed a deep elf sorcerer
 10817 | Elf:3    | Offered knowledge of Iron Shot by Vehumet.
 10822 | Elf:3    | Noticed a deep elf sorcerer
 10822 | Elf:3    | Killed a deep elf sorcerer
 10833 | Elf:3    | Noticed a deep elf sorcerer
 10835 | Elf:3    | Learned a level 6 spell: Iron Shot
 10844 | Elf:3    | Killed a deep elf sorcerer
 10868 | Elf:3    | Identified a +5 rod of striking (9/9) (You took it off a deep elf sorcerer on level 3 of the Elven Halls)
 11149 | Elf:3    | Killed a deep elf blademaster
 11259 | Elf:3    | Noticed a deep elf sorcerer
 11260 | Elf:3    | Killed a deep elf sorcerer
 11280 | Elf:3    | Noticed a deep elf sorcerer
 11281 | Elf:3    | Killed a deep elf sorcerer
 11327 | Elf:3    | Noticed a deep elf sorcerer
 11330 | Elf:3    | Killed a deep elf sorcerer
 11353 | Elf:3    | Identified the Disquisition on Dark Talismans (You found it on level 3 of the Elven Halls)
 11370 | Elf:3    | Identified the +3,+9 cutlass of Peace {freeze, SInv Stlth} (You took it off a deep elf demonologist on level 3 of the Elven Halls)
 11407 | Elf:3    | Reached skill level 1 in Evocations
 11421 | Elf:3    | Identified the Tome of the Flamy Entourage (You found it on level 3 of the Elven Halls)
 11426 | Elf:3    | Identified the Disquisition on Dislocated Curses (You found it on level 3 of the Elven Halls)
 11429 | Elf:3    | Learned a level 1 spell: Apportation
 11511 | Elf:3    | Learned a level 7 spell: Orb of Destruction
 11515 | Elf:3    | Got a twisted shield
 11552 | Elf:3    | Identified the cursed +3 shield of Besh {Str+1 Int+5} (You took it off a deep elf annihilator on level 3 of the Elven Halls)
 11637 | Elf:3    | Noticed Norris
 11689 | Elf:3    | Paralysed by Norris for 5 turns
 11696 | Elf:3    | Killed Norris
 11696 | Elf:3    | Reached skill level 1 in Shields
 11696 | Elf:3    | Reached XP level 16. HP: 74/74 MP: 25/43
 11901 | Elf:1    | Found a glowing golden altar of the Shining One.
 12245 | Shoals:1 | Offered knowledge of Poison Arrow by Vehumet.
 12600 | Shoals:5 | Entered Level 5 of the Shoals
 12621 | Shoals:5 | Reached skill level 5 in Evocations
 12706 | Shoals:5 | Got a pitted morningstar
 12707 | Shoals:5 | Identified the cursed +3,-2 morningstar of the Three Seas {flame, rC+ Int+4} (You found it on level 5 of the Shoals)
 12708 | Shoals:5 | mmm
 12761 | Shoals:5 | mmm
 12809 | Shoals:5 | prepare
 12810 | Shoals:5 | knew it
 12810 | Shoals:5 | how?
 12823 | Shoals:5 | Got a barnacled rune of Zot
 12828 | Shoals:5 | .
 12909 | Shoals:4 | Noticed Polyphemus
 12914 | Shoals:4 | Killed Polyphemus
 12999 | Shoals:4 | Found Ruff's Antique Weapon Shoppe.
 13058 | Shoals:3 | oh yea
 13146 | Shoals:1 | its time
 13146 | Shoals:1 | to develop higher level of tech
 13200 | Lair:3   | Learned a level 2 spell: Cure Poison
 13234 | Lair:4   | Killed Fannar
 13363 | Lair:6   | Offered knowledge of Fire Storm by Vehumet.
 13363 | Lair:6   | Offered knowledge of Glaciate by Vehumet.
 13363 | Lair:6   | Offered knowledge of Chain Lightning by Vehumet.
 13364 | Lair:6   | it is happening
 13389 | Lair:6   | Learned a level 9 spell: Fire Storm
 13433 | Spider:1 | Entered Level 1 of the Spider Nest
 13473 | Spider:1 | Reached XP level 17. HP: 70/78 MP: 21/44
 13474 | Spider:1 | Reached skill level 5 in Shields
 13641 | Spider:2 | Noticed Arachne
 13642 | Spider:2 | Killed Arachne
 13725 | Spider:3 | Reached skill level 22 in Spellcasting
 14013 | Spider:5 | Entered Level 5 of the Spider Nest
 14475 | Spider:5 | Got a gossamer rune of Zot
 14481 | Spider:5 | Learned a level 2 spell: Swiftness
 14481 | Spider:5 | BBL!
 14770 | Slime:1  | Entered Level 1 of the Pits of Slime
 14780 | Slime:1  | Reached XP level 18. HP: 64/83 MP: 36/45
 15003 | Slime:6  | Entered Level 6 of the Pits of Slime
 15052 | Slime:6  | Noticed the royal jelly
 15055 | Slime:6  | Killed the royal jelly
 15153 | Slime:6  | Reached skill level 10 in Evocations
 15218 | Slime:6  | Identified the Catalogue of Intoxication and Conjuration (You found it on level 6 of the Pits of Slime)
 15263 | Slime:6  | Got a slimy rune of Zot
 15324 | Slime:6  | Reached skill level 23 in Spellcasting
 15397 | Slime:1  | Paralysed by a giant eyeball for 2 turns
 15417 | Lair:7   | Learned a level 4 spell: Control Teleport
 15425 | Lair:7   | Learned a level 7 spell: Controlled Blink
 15557 | D:11     | PAN TIME
 15660 | D:5      | Bought a cursed ring of teleportation for 174 gold pieces
 15660 | D:5      | Bought an uncursed ring of sustain abilities for 210 gold pieces
 15713 | D:9      | Killed a four-headed hydra
 15848 | D:14     | Noticed Snorg
 15851 | D:14     | Killed Snorg
 15888 | D:15     | Entered Level 15 of the Dungeon
 16062 | D:15     | Found a staircase to the Depths.
 16070 | Depths:1 | Entered Level 1 of the Depths
 16072 | Depths:1 | Reached skill level 1 in Translocations
 16096 | Depths:1 | Reached XP level 19. HP: 88/88 MP: 24/45
 16245 | Depths:2 | Noticed a golden dragon
 16250 | Depths:2 | Killed a golden dragon
 16250 | Depths:2 | Reached skill level 5 in Translocations
 16303 | Depths:2 | Found a one-way gate to the infinite horrors of the Abyss.
 16305 | Depths:2 | Noticed a golden dragon
 16308 | Depths:2 | Killed a golden dragon
 16311 | Depths:2 | Found a gateway to Hell.
 16327 | Depths:2 | Found a deep blue altar of Sif Muna.
 16327 | Depths:2 | Found a radiant altar of Vehumet.
 16327 | Depths:2 | Found a bloodstained altar of Trog.
 16519 | Depths:2 | Reached skill level 10 in Shields
 16568 | Depths:2 | Noticed a bone dragon
 16580 | Depths:2 | Killed a bone dragon
 16611 | Depths:2 | Reached skill level 10 in Translocations
 16756 | Depths:2 | Noticed a golden dragon
 16761 | Depths:2 | Killed a golden dragon
 16801 | Depths:2 | Reached XP level 20. HP: 78/93 MP: 19/46
 16854 | Depths:2 | Got a twisted cloak
 16872 | Depths:2 | Identified the cursed +3 cloak of Plaottil {Str+3 Int+2} (You found it on level 2 of the Depths)
 16878 | Depths:2 | dat int
 16890 | Depths:2 | :(
 16912 | Depths:3 | I am ARCANE
 17072 | Depths:3 | Noticed a greater mummy
 17113 | Depths:3 | Noticed a golden dragon
 17113 | Depths:3 | Noticed a golden dragon
 17117 | Depths:3 | Killed a golden dragon
 17118 | Depths:3 | Killed a golden dragon
 17148 | Depths:3 | Got a blackened buckler
 17153 | Depths:3 | Identified the +1 buckler of Klaethur {+Rage rPois Dex+3} (You found it on level 3 of the Depths)
 17192 | Depths:3 | Found a magical portal.
 17201 | WizLab   | Entered Iskenderun's Mystic Tower
 17218 | WizLab   | Reached skill level 1 in Fighting
 17424 | WizLab   | Identified the Tome of Creation (You found it in a wizard's laboratory)
 17442 | WizLab   | Identified Iskenderun's Catalogue of Torrid Conjuration (You found it in a wizard's laboratory)
 17446 | WizLab   | Identified Iskenderun's Reference Book on Congealing Conjuration (You found it in a wizard's laboratory)
 17571 | Depths:3 | Found a one-way gate leading to the halls of Pandemonium.
 17612 | Depths:3 | Learned a level 1 spell: Summon Butterflies
 17614 | Pan      | Entered Pandemonium
 17619 | Pan      | Reached skill level 15 in Evocations
 17770 | Pan      | Reached skill level 5 in Dodging
 17972 | Pan      | Found an exit through the horrors of the Abyss.
 17979 | Pan      | Found an exit through the horrors of the Abyss.
 18031 | Pan      | Noticed Zeemeisch the pandemonium lord
 18047 | Pan      | Took an exit into the Abyss.
 18047 | Abyss:1  | Escaped into the Abyss
 18142 | Abyss:1  | Found a corrupted altar of Lugonu.
 18237 | Abyss:1  | Found a corrupted altar of Lugonu.
 18295 | Abyss:2  | Found a corrupted altar of Lugonu.
 18305 | Abyss:2  | Reached XP level 21. HP: 105/105 MP: 37/47
 18357 | Abyss:3  | Got an abyssal rune of Zot
 18398 | Depths:3 | Escaped the Abyss
 18412 | Pan      | Entered Pandemonium
 18536 | Pan      | Noticed Pnoratie the pandemonium lord
 18541 | Pan      | Killed Pnoratie the pandemonium lord
 18660 | Pan      | Reached skill level 5 in Fighting
 18704 | Pan      | Noticed Hyj Tremp the pandemonium lord
 18738 | Pan      | Entered the realm of Cerebov.
 18741 | Pan      | hello
 18924 | Pan      | Identified Sif Muna's Volume of Boosting Feathers (You found it in Pandemonium)
 18930 | Pan      | Noticed Cerebov
 18935 | Pan      | Got a fiery rune of Zot
 19042 | Pan      | Noticed Rouzicorr the pandemonium lord
 19045 | Pan      | Killed Rouzicorr the pandemonium lord
 19110 | Pan      | Identified the Compendium of the Voyage (You found it in Pandemonium)
 19205 | Pan      | Found an exit through the horrors of the Abyss.
 19215 | Pan      | Noticed Vudoah the pandemonium lord
 19220 | Pan      | Killed Vudoah the pandemonium lord
 19306 | Pan      | Identified the Reference Book on Unholy Rites and Arcane Weapons (You found it in Pandemonium)
 19356 | Pan      | Noticed Twoan the pandemonium lord
 19363 | Pan      | Killed Twoan the pandemonium lord
 19363 | Pan      | Reached XP level 22. HP: 117/119 MP: 22/47
 19397 | Pan      | Entered the realm of Lom Lobon.
 19582 | Pan      | Noticed Lom Lobon
 19599 | Pan      | Killed Lom Lobon
 19635 | Pan      | Got a magical rune of Zot
 19644 | Pan      | Found an exit through the horrors of the Abyss.
 19757 | Pan      | Found an exit through the horrors of the Abyss.
 19825 | Pan      | Noticed Plothrom the pandemonium lord
 19828 | Pan      | Killed Plothrom the pandemonium lord
 19837 | Pan      | Reached skill level 10 in Fighting
 19958 | Pan      | Entered the realm of Mnoleg.
 20003 | Pan      | Found an exit through the horrors of the Abyss.
 20333 | Pan      | Noticed Mnoleg
 20343 | Pan      | Killed Mnoleg
 20363 | Pan      | Reached XP level 23. HP: 135/135 MP: 41/48
 20416 | Pan      | Got a glowing rune of Zot
 20429 | Pan      | Found an exit through the horrors of the Abyss.
 20487 | Pan      | Found an exit through the horrors of the Abyss.
 20594 | Pan      | Noticed Moraso the pandemonium lord
 20596 | Pan      | Killed Moraso the pandemonium lord
 20615 | Pan      | Found an exit through the horrors of the Abyss.
 20767 | Pan      | Noticed Imuzysen the pandemonium lord
 20773 | Pan      | Killed Imuzysen the pandemonium lord
 21008 | Pan      | ty
 21088 | Pan      | Noticed Baisatoo the pandemonium lord
 21090 | Pan      | Reached skill level 15 in Fighting
 21096 | Pan      | Killed Baisatoo the pandemonium lord
 21169 | Pan      | Found an exit through the horrors of the Abyss.
 21300 | Pan      | Reached XP level 24. HP: 101/151 MP: 12/48
 21373 | Pan      | Noticed Heraryl the pandemonium lord
 21664 | Pan      | Entered the realm of Gloorx Vloq.
 21684 | Pan      | Found an exit through the horrors of the Abyss.
 21790 | Pan      | hmmm
 21914 | Pan      | Noticed Gloorx Vloq
 21922 | Pan      | Killed Gloorx Vloq
 21955 | Pan      | Got a dark rune of Zot
 21977 | Pan      | Reached skill level 24 in Spellcasting
 22012 | Pan      | Noticed Yrinlar the pandemonium lord
 22021 | Pan      | Killed Yrinlar the pandemonium lord
 22065 | Pan      | Gained mutation: You occasionally shout uncontrollably. [mutagenic glow]
 22139 | Pan      | Got a demonic rune of Zot
 22213 | Pan      | Noticed Nomoojedd the pandemonium lord
 22218 | Pan      | Killed Nomoojedd the pandemonium lord
 22218 | Pan      | Reached skill level 25 in Spellcasting
 22239 | Depths:3 | Escaped Pandemonium
 22240 | Depths:3 | 18.4 - 22.2
 22354 | D:14     | Got an ancient turquoise ring {+Fly}
 22355 | D:14     | Identified the ring "Guisikint" {+Fly Str+4} (You found it on level 14 of the Dungeon)
 22444 | D:13     | Found a gate to the Vaults.
 22446 | D:13     | BINGO
 22453 | Vaults:1 | Entered Level 1 of the Vaults
 22751 | Vaults:1 | Found Famaecsi's Magic Scroll Boutique.
 22759 | Vaults:1 | Bought a scroll of blinking for 135 gold pieces
 22760 | Vaults:1 | Bought a scroll of remove curse for 54 gold pieces
 22760 | Vaults:1 | Bought a scroll of remove curse for 54 gold pieces
 22760 | Vaults:1 | Bought a scroll of remove curse for 54 gold pieces
 22839 | Vaults:2 | Noticed Mara
 22846 | Vaults:2 | Killed Mara
 22846 | Vaults:2 | Reached XP level 25. HP: 159/161 MP: 32/49
 22987 | Vaults:3 | Found a glowing silver altar of Zin.
 23105 | Vaults:5 | Entered Level 5 of the Vaults
 23127 | Vaults:5 | Noticed an ancient lich
 23133 | Vaults:5 | Killed an ancient lich
 23145 | Vaults:5 | Noticed an ancient lich
 23145 | Vaults:5 | Killed an ancient lich
 23146 | Vaults:5 | Reached skill level 10 in Dodging
 23260 | Vaults:5 | Found Blaubbei's General Store.
 23270 | Vaults:5 | Bought a potion of strong poison for 30 gold pieces
 23270 | Vaults:5 | Bought a scroll of teleportation for 45 gold pieces
 23270 | Vaults:5 | Bought a potion of curing for 30 gold pieces
 23314 | Vaults:5 | Got an ancient wooden ring
 23315 | Vaults:5 | Identified the ring "Kunta" {rN+ Str-2 Int+3} (You took it off a yaktaur captain on level 5 of the Vaults)
 23318 | Vaults:5 | not bad
 23332 | Vaults:5 | Reached XP level 26. HP: 171/171 MP: 33/50
 23379 | Vaults:5 | Got a fine brass ring
 23412 | Vaults:5 | Identified the ring of Streaps {Fire Dam+5 Stlth--} (You took it off a yaktaur captain on level 5 of the Vaults)
 23543 | Vaults:5 | Reached skill level 15 in Dodging
 23586 | Vaults:5 | Identified a cursed +2 rod of ignition (11/11) (You found it on level 5 of the Vaults)
 23592 | Vaults:5 | Found Pharan's Weapon Emporium.
 23796 | Vaults:5 | Got a silver rune of Zot
 23886 | Vaults:4 | Reached skill level 26 in Spellcasting
 24525 | Vaults:2 | Found a basalt altar of Yredelemnul.
 24525 | Vaults:2 | Found a staircase to the Crypt.
 24525 | Vaults:2 | Found an ancient bone altar of Kikubaaqudgha.
 24526 | Vaults:2 | hmm
 24526 | Vaults:2 | mmh
 24554 | Crypt:1  | Entered Level 1 of the Crypt
 24571 | Crypt:1  | Reached skill level 27 in Spellcasting
 24754 | Crypt:2  | Reached skill level 5 in Stealth
 24765 | Crypt:3  | Entered Level 3 of the Crypt
 24862 | Crypt:3  | Found a basalt altar of Yredelemnul.
 25036 | Crypt:3  | Reached skill level 10 in Stealth
 25051 | Crypt:3  | Identified the Handbook of the Traveller (You found it on level 3 of the Crypt)
 25059 | Crypt:3  | where is it
 25233 | Crypt:3  | Found a staircase to the Tomb.
 25280 | Tomb:1   | Entered Level 1 of the Tomb of the Ancients
 25297 | Tomb:1   | ctrl+q
 25297 | Tomb:1   | Upgraded the game from 0.15-a0-271-g6095dc6 to 0.15-a0-288-gf1bfef0
 25364 | Tomb:1   | HP: 3/169 [sphinx/divine providence (15)]
 25365 | Tomb:1   | Killed from afar by a mummy priest

Action                   |  1- 3 |  4- 6 |  7- 9 | 10-12 | 13-15 | 16-18 | 19-21 | 22-24 | 25-27 || total
-------------------------+-------+-------+-------+-------+-------+-------+-------+-------+-------++-------
Melee: Short sword       |    13 |       |       |       |       |       |       |       |       ||    13
       Dagger            |     4 |    50 |    52 |    37 |       |       |       |       |       ||   143
       Hand axe          |       |       |       |    13 |    32 |       |       |       |       ||    45
       Staff             |       |       |       |       |    36 |    16 |     1 |     1 |     4 ||    58
 Cast: Flame Tongue      |    48 |    49 |    35 |    49 |    14 |       |       |       |       ||   195
       Sticky Flame      |       |    13 |    18 |    49 |    68 |    25 |     4 |     8 |     6 ||   191
       Conjure Flame     |       |    11 |    14 |     9 |    10 |       |       |       |       ||    44
       Fireball          |       |       |    23 |    90 |   159 |   130 |    21 |    23 |    11 ||   457
       Bolt of Fire      |       |       |     1 |    29 |    57 |   104 |    43 |    63 |    58 ||   355
       Delayed Fireball  |       |       |       |    15 |    40 |    22 |     8 |     5 |     2 ||    92
       Repel Missiles    |       |       |       |     1 |       |     2 |     4 |     3 |     1 ||    11
       Regeneration      |       |       |       |       |     4 |     5 |    10 |    22 |     8 ||    49
       Poisonous Cloud   |       |       |       |       |    13 |       |       |       |       ||    13
       Iron Shot         |       |       |       |       |     7 |       |       |       |       ||     7
       Orb of Destructio |       |       |       |       |     2 |    48 |    81 |    47 |    29 ||   207
       Iskenderun's Batt |       |       |       |       |     1 |       |       |       |       ||     1
       Apportation       |       |       |       |       |       |    56 |    25 |    39 |    27 ||   147
       Fire Storm        |       |       |       |       |       |    73 |   169 |   222 |   150 ||   614
       Cure Poison       |       |       |       |       |       |     4 |     2 |     3 |     1 ||    10
       Control Teleport  |       |       |       |       |       |     2 |     5 |     3 |     4 ||    14
       Controlled Blink  |       |       |       |       |       |       |    14 |     6 |     3 ||    23
       Spellforged Servi |       |       |       |       |       |       |     2 |       |     1 ||     3
 Abil: Release Delayed F |       |       |       |    14 |    41 |    21 |     6 |     5 |     2 ||    89
       Evoke Flight      |       |       |       |     2 |       |       |     1 |     1 |       ||     4
       Evoke Teleportati |       |       |       |       |       |     2 |    22 |    67 |    72 ||   163
       Stop Flying       |       |       |       |       |       |       |     2 |     1 |       ||     3
Evoke: Wand              |       |     1 |       |     8 |     9 |     8 |     7 |    13 |       ||    46
       Fan of gales      |       |       |       |       |     1 |       |     1 |       |     1 ||     3
       Staff of energy   |       |       |       |       |       |   353 |   506 |   407 |   270 ||  1536
       Crystal ball of e |       |       |       |       |       |       |     7 |    42 |     3 ||    52
  Use: Scroll            |       |     5 |     3 |    23 |    18 |    16 |    20 |    10 |    12 ||   107
       Potion            |       |     2 |     1 |     7 |     7 |     4 |     8 |     8 |     4 ||    41
 Stab: Sleeping          |       |     1 |       |     1 |       |       |       |       |       ||     2
